 Dungeon Crawl Stone Soup version 0.28.0-47-ge53b351184 (webtiles) character file.

Game seed: 1046213774777553002

2501 hawla the Arsonist (level 9, -8/39 HPs)
             Began as a Felid Fire Elementalist on May 10, 2022.
             Was a Follower of Vehumet.
             Mangled by a centaur warrior zombie (10 damage)
             ... on level 10 of the Dungeon.
             The game lasted 00:40:01 (15575 turns).

hawla the Arsonist (Felid Fire Elementalist)       Turns: 15575, Time: 00:40:02

Health: -8/39      AC:  4    Str:  4    XL:     9   Next: 28%
Magic:  10/20      EV: 21    Int: 21    God:    Vehumet [*.....]
Gold:   667        SH:  5    Dex: 17    Spells: 14/21 levels left
                                        Lives:  0   Deaths: 2

rFire   + + .      SeeInvis +     - Unarmed
rCold   . . .      Faith    .   (shield unavailable)
rNeg    . . .      Spirit   .   (armour unavailable)
rPois   .          Reflect  +   (helmet unavailable)
rElec   .          Harm     .   (cloak unavailable)
rCorr   .          Rampage  .   (gloves unavailable)
Will    +....                   (boots unavailable)
Stlth   +++.......              f - amulet of reflection
HPRegen 0.13/turn               m - +4 ring of slaying
MPRegen 0.17/turn               q - ring of protection from fire

@: quick
A: very small, claws 1, fangs 3, see invisible, speed 1, shaggy fur 2, stealthy
paws, no weapons or thrown items, no armour, multi-lived, iridescent scales 1,
fire resistance 1, robust 1, wild magic 1
a: Renounce Religion


You were on level 10 of the Dungeon.
You worshipped Vehumet.
Vehumet was aware of your devotion.
You visited 2 branches of the dungeon, and saw 11 of its levels.
You also visited: Sewer and Ossuary.

You collected 667 gold pieces.

Inventory:

Jewellery
 f - an amulet of reflection (around neck)
 m - a +4 ring of slaying (left paw)
 n - a +4 ring of slaying
 q - a ring of protection from fire (right paw)
 r - a ring of flight
 u - a ring of ice
 v - a ring of protection from fire
 w - a ring of willpower
 x - a ring of protection from fire
 y - an amulet of faith
Wands
 b - a wand of iceblast (17)
 o - a wand of acid (17)
 s - a wand of digging (4)
Scrolls
 a - a scroll of holy word
 c - 3 scrolls of identify
 d - 2 scrolls of teleportation
 g - 2 scrolls of magic mapping
 j - a scroll of blinking
 k - a scroll of amnesia
 t - 2 scrolls of fog
 z - a scroll of summoning
Potions
 e - a potion of flight
 h - a potion of might
 i - 3 potions of haste
 l - 2 potions of curing
 p - 2 potions of degeneration


   Skills:
 + Level 2.0 Fighting
 + Level 6.8 Dodging
 - Level 3.5 Stealth
 + Level 3.7 Unarmed Combat
 + Level 6.6 Spellcasting
 + Level 6.9 Conjurations
 + Level 9.7 Fire Magic
 + Level 2.3 Evocations


You had 14 spell levels left.
You knew the following spells:

 Your Spells              Type           Power      Damage    Failure   Level
a - Foxfire               Conj/Fire      100%       2x1d9     1%          1
b - Scorch                Fire           100%       2d10      1%          2
c - Flame Wave            Conj/Fire      53%        2d11      5%          4

Your spell library contained the following spells:

 Spells                   Type           Power      Damage    Failure   Level
 Magic Dart               Conj           100%       1d8       1%          1
 Conjure Flame            Conj/Fire      53%        6-21      1%          3
 Inner Flame              Hex/Fire       35%        N/A       6%          3
 Ignite Poison            Fire/Tmut/Pois 26%        N/A       12%         3
 Mephitic Cloud           Conj/Pois/Air  21%        N/A       16%         3
 Sublimation of Blood     Necr           9%         N/A       21%         2
 Wereblood                Tmut           9%         N/A       21%         2
 Hailstorm                Conj/Ice       28%        3d8       30%         4
 Ice Form                 Ice/Tmut       9%         N/A       73%         4
 Freezing Cloud           Conj/Ice/Air   10%        6-21      77%         5
 Simulacrum               Ice/Necr       4%         N/A       100%        6
 Summon Hydra             Summ           4%         N/A       100%        7


Dungeon Overview and Level Annotations

Branches:
Dungeon (10/15)            Temple (1/1) D:7             Orc (0/2) D:9
  Sewer (visited)         Ossuary (visited)
   Lair: D:8-11

Altars:
Ashenzari
Cheibriados
Dithmenos
Elyvilon
Fedhas
Gozag
Hepliaklqana
Kikubaaqudgha
Makhleb
Nemelex Xobeh
Okawaru
Qazlal
Ru
Sif Muna
Trog
Uskayaw
Vehumet
Wu Jian
Xom
Yredelemnul
Zin
The Shining One

Shops:
D:8 (

Annotations:
D:7 3 runed translucent doors, GigaChad's ghost, amateur MiFi


Innate Abilities, Weirdness & Mutations

You have sharp claws.
You have razor-sharp teeth.
You have supernaturally acute eyesight. (SInv)
You cover ground quickly. (Speed+)
You are covered in thick fur. (AC +2)
Your paws help you pounce on unaware monsters.
You are incapable of wielding weapons or throwing items.
You cannot wear armour.
You gain extra lives every three experience levels.
You are partially covered in iridescent scales. (AC +2)
Your flesh is heat resistant. (rF+)
You are robust. (+10% HP)
Your spells are a little harder to cast, but a little more powerful.


Message History

Casting: Flame Wave (quite dangerous; 5% risk of failure)
Press: ? - help, Dir - look around, f - activate A wave of flame ripples out!
The flame wave engulfs the centaur warrior zombie.
The centaur warrior zombie is moderately damaged. (Press . to intensify the flame waves.)
You hear an angry buzzing noise.
The centaur warrior zombie hits you but does no damage.
The centaur warrior zombie kicks you but does no damage.
A wave of flame ripples out!
The flame wave engulfs the centaur warrior zombie!
The centaur warrior zombie is heavily damaged.
A hornet comes into view.
The centaur warrior zombie barely misses you.
You block the centaur warrior zombie's attack.
The centaur warrior zombie completely misses you.
The centaur warrior zombie kicks you.
A wave of flame ripples out!
The flame wave engulfs the centaur warrior zombie!
The centaur warrior zombie is severely damaged.
You finish channelling waves of flame.
The centaur warrior zombie hits you.
The centaur warrior zombie barely misses you.
Casting: Flame Wave (quite dangerous; 5% risk of failure)
Confirm with . or Enter, or press ? or * to list all spells.
Flames lash the centaur warrior zombie.
The centaur warrior zombie is almost destroyed.
The centaur warrior zombie's fire resistance burns away.
The centaur warrior zombie hits you!
* * * LOW HITPOINT WARNING * * *
The centaur warrior zombie kicks you but does no damage.
Casting: Scorch (safe; 1% risk of failure)
Confirm with . or Enter, or press ? or * to list all spells.
Flames lash the hornet.
The hornet is lightly wounded.
The hornet's fire resistance burns away.
The centaur warrior zombie hits you.
* * * LOW HITPOINT WARNING * * *
The centaur warrior zombie kicks you but does no damage.
The centaur warrior zombie hits you!
You die...

### ### # #.. ..# .#.
#.###.# .'.####.....# .
#.'........# ..#
#........##..#..
#.......@Z.....#
#..............<
#....#<...y...## #######
#.#..#.......... #.....#
#.#..#.........# #.....#
#.#.......#....#
#.....###...............
####............######..
#....####....+


You could see a hornet (combustible) and a centaur warrior zombie (combustible).

Vanquished Creatures
  A boulder beetle (D:9)
  A two-headed ogre (D:8)
  A troll (D:9)
  3 yaks (D:9)
  2 wyverns
  A wraith (D:8)
  2 steam dragons
  2 black bears
  2 orc warriors
  An ice beast (D:7)
  A sky beast (D:6)
  4 ogres
  A phantom (D:5)
  3 centaurs
  3 kobold brigands
  3 elf zombies (Ossuary)
  6 bullfrogs
  3 scorpions (D:4)
  A water moccasin skeleton (D:6)
  7 killer bees
  2 howler monkeys
  2 bullfrog zombies (D:7)
  3 centaur zombies
  2 human zombies (Ossuary)
  3 hounds
  2 orc priests
  2 gnoll shamans
  3 orc wizards (D:9)
  Terence (D:2)
  An iguana (D:6)
  A killer bee zombie (D:7)
  A howler monkey zombie (D:5)
  4 mummies
  A howler monkey skeleton (D:7)
  15 gnolls
  A river rat (D:3)
  8 adders
  A shadow imp (D:6)
  An ufetubus (D:4)
  2 adder skeletons (D:5)
  3 adder zombies (Ossuary)
  A worm (D:3)
  42 orcs
  6 ball pythons
  9 bats
  4 endoplasms
  13 giant cockroaches
  2 gnoll zombies (Ossuary)
  3 goblins
  3 hobgoblins (D:3)
  7 jackals (D:4)
  20 kobolds
  5 quokkas
  13 frilled lizards
  5 goblin zombies (Ossuary)
  6 hobgoblin zombies (Ossuary)
  5 jackal zombies (Ossuary)
  A kobold zombie (Ossuary)
  An orc zombie (Ossuary)
  3 quokka zombies (Ossuary)
  2 rats (D:3)
  2 rat zombies (Ossuary)
260 creatures vanquished.

Vanquished Creatures (others)
  505 foxfires
  14 fungi (D:4)
519 creatures vanquished.

Grand Total: 779 creatures vanquished

Notes
Turn   | Place    | Note
-------+----------+-------------------------------------------
     0 | D:1      | hawla the Felid Fire Elementalist began the quest for the
                  | Orb.
     0 | D:1      | Reached XP level 1. HP: 7/7 MP: 4/4
   256 | D:1      | Found a faded altar of an unknown god.
   411 | D:1      | Reached skill level 3 in Fire Magic
   736 | D:1      | Reached XP level 2. HP: 9/11 MP: 0/6
   739 | D:1      | Learned a level 2 spell: Scorch
  1666 | D:2      | Reached skill level 1 in Conjurations
  1918 | D:2      | Noticed Terence
  2076 | D:2      | Killed Terence
  2077 | D:2      | Reached XP level 3. HP: 14/14 MP: 0/7
  2497 | D:3      | Found a glowing drain.
  2567 | Sewer    | Entered a sewer
  2571 | Sewer    | Reached XP level 4. HP: 18/18 MP: 4/9
  3056 | Sewer    | Noticed a bullfrog
  3059 | Sewer    | Killed a bullfrog
  3060 | Sewer    | Reached skill level 4 in Fire Magic
  3060 | Sewer    | Reached XP level 5. HP: 21/21 MP: 6/11
  3982 | D:3      | Gained mutation: You are covered in thick fur. (AC +2)
                  | [Felid growth]
  3982 | D:3      | Reached XP level 6. HP: 23/25 MP: 9/12
  4097 | D:3      | Gained mutation: You are partially covered in iridescent
                  | scales. (AC +2) [potion of mutation]
  4097 | D:3      | Gained mutation: You are robust. (+10% HP) [potion of
                  | mutation]
  4097 | D:3      | Gained mutation: Your flesh is heat resistant. (rF+)
                  | [potion of mutation]
  4097 | D:3      | Gained mutation: Your spells are a little harder to cast,
                  | but a little more powerful. [potion of mutation]
  5998 | D:4      | Noticed a steam dragon
  6006 | D:4      | Killed a steam dragon
  6007 | D:4      | Reached skill level 5 in Fire Magic
  6007 | D:4      | Reached XP level 7. HP: 15/30 MP: 8/14
  6216 | D:4      | Reached skill level 5 in Spellcasting
  6221 | D:4      | Learned a level 4 spell: Flame Wave
  6596 | D:4      | Found a white marble altar of Elyvilon.
  6650 | D:5      | Entered Level 5 of the Dungeon
  6664 | D:5      | Reached skill level 1 in Unarmed Combat
  6742 | D:5      | Found a sand-covered staircase.
  6958 | Ossuary  | Entered an ossuary
  6997 | Ossuary  | Reached XP level 8. HP: 23/34 MP: 2/16
  7252 | Ossuary  | Reached skill level 6 in Fire Magic
  7943 | D:5      | Reached skill level 1 in Fighting
  9101 | D:5      | Reached skill level 5 in Dodging
  9101 | D:5      | Reached skill level 7 in Fire Magic
  9560 | D:6      | You fall into a shaft and drop 2 floors!
  9560 | D:8      | Noticed a two-headed ogre
  9576 | D:8      | Reached XP level 9. HP: 29/38 MP: 6/17
  9583 | D:8      | Reached skill level 5 in Conjurations
  9715 | D:8      | Noticed a skeletal warrior
 10387 | D:6      | Noticed a gargoyle
 10612 | D:7      | Noticed GigaChad's ghost (amateur MiFi)
 10613 | D:7      | Found a runed translucent gate.
 10613 | D:7      | Found a runed translucent gate.
 10662 | D:7      | Found a staircase to the Ecumenical Temple.
 10686 | Temple   | Entered the Ecumenical Temple
 10866 | Temple   | Became a worshipper of Vehumet
 11105 | D:7      | Reached skill level 8 in Fire Magic
 11604 | D:7      | Found a runed translucent gate.
 12411 | D:8      | Found Plog's Weapon Shoppe.
 12440 | D:8      | Killed a two-headed ogre
 12558 | D:8      | Reached skill level 9 in Fire Magic
 12794 | D:8      | Reached XP level 10. HP: 43/44 MP: 18/18
 12862 | D:8      | Noticed a death knight
 12868 | D:8      | Slain by a freezing wraith
 12869 | D:8      | Reached XP level 9. HP: -1/39 MP: 7/17
 13045 | D:9      | Noticed a boulder beetle
 13324 | D:9      | Noticed a troll
 13336 | D:9      | Killed a troll
 13338 | D:9      | Killed a boulder beetle
 13339 | D:9      | Reached skill level 1 in Evocations
 13689 | D:9      | Found a staircase to the Orcish Mines.
 14497 | D:9      | Slain by a yak
 14498 | D:9      | Reached XP level 8. HP: -1/36 MP: 6/18
 14643 | D:9      | Reached XP level 9. HP: 39/39 MP: 16/19
 14790 | D:10     | Entered Level 10 of the Dungeon
 15449 | D:10     | Reached * piety under Vehumet
 15449 | D:10     | Offered knowledge of Magic Dart by Vehumet.
 15575 | D:10     | Mangled by a centaur warrior zombie

Illustrated notes

Levels and vault maps discovered:
D:1:      dpeg_arrival_shrine, layout_basic, hellmonk_ecumenical_altar_blasted,
          serial_bayou_pond_d, minmay_misc_feat_four_crosses, minivault_5
D:2:      layout_loops_ring, uniq_terence
D:3:      cheibrodos_thug_alley, layout_basic, gup_sewer_entry_spiral
D:4:      old_forge, layout_basic, lemuel_round_altar, serial_corexii_hall,
          chequers_hall_statues_wall_a, corexii_hall_statues_l
D:5:      layout_loops_ring, gup_ossuary_entry_pyramid
D:6:      layout_basic, lightli_corner_chamber
D:7:      layout_basic, temple_fountains, gammafunk_ghost_split, feat_on_display
D:8:      layout_rooms, serial_shops, nicolae_square_shop
D:9:      layout_basic, erik_orc_3, nzn_sisyphean_effort
D:10:     layout_stronghold, hex_tiny, hellmonk_guarded_unrand_frostbite
Temple:   kilobyte_greek_temple

Skill      XL: |  1  2  3  4  5  6  7  8  9 |
---------------+----------------------------+-----
Fire Magic     | 3 4 5 7 9 |  9.7
Conjurations   | 1 2 3 4 6 |  6.9
Stealth        | 3 |  3.5
Spellcasting   | 3 4 5 6 |  6.6
Dodging        | 3 4 5 6 |  6.8
Unarmed Combat | 1 2 3 |  3.7
Fighting       | 1 2 |  2.0
Evocations     | 2 1 |  2.3

Action                   |  1- 3 |  4- 6 |  7- 9 | 10-12 || total
-------------------------+-------+-------+-------+-------++-------
Melee: Unarmed           |     3 |    28 |    94 |       ||   125
       Bite              |       |     2 |    11 |       ||    13
       Punch             |       |       |     4 |       ||     4
 Cast: Foxfire           |    56 |    86 |   168 |       ||   310
       Scorch            |     7 |    29 |   104 |       ||   140
       Flame Wave        |       |       |    25 |     2 ||    27
Evoke: Wand              |       |       |    16 |       ||    16
  Use: Scroll            |     4 |     9 |    12 |       ||    25
       Potion            |     1 |     3 |     7 |       ||    11
 Stab: Sleeping          |       |       |     1 |       ||     1
Armor: Skin              |     1 |     6 |    38 |       ||    45
Dodge: Dodged            |    20 |    78 |   249 |     3 ||   350
Block: Other             |       |       |    61 |       ||    61
       Reflection        |       |       |     3 |       ||     3
